Map: Oxide LE

Players

IloveBeer

  • Race: Zerg Zerg
  • League: Diamond

candybomberz - Winner!

  • Race: Protoss Protoss
  • League: Platinum

VOD

Have the link to the VOD?

Description

Time

  • Played on: Aug. 30, 2021, 12:01 a.m.
  • Length: 10:25
Show
View Real Time Build Order
Export as new Build Order

IloveBeer Zerg 

Build Orders: Pool First 

Get SALT Encoding   

  12  0:02  Drone  
  13  0:11  Drone  
  14  0:22  Extractor x2  
  14  0:24  Drone  
  14  0:25  Drone  
  16  0:37  Spawning Pool  
  15  0:44  Extractor  
  15  0:45  Overlord  
  14  1:21  Hatchery  
  13  1:27  Zergling x6  
  16  1:34  Queen  
  18  1:42  Zergling x2  
  19  1:51  Metabolic Boost  
  19  1:54  Drone  
  20  2:20  Drone x2  
  21  2:39  Drone  
  21  2:40  Drone x2  
  22  2:55  Queen  
  22  2:56  Drone x3  
  27  3:01  Overlord  
  27  3:16  Zergling x2  
  28  3:22  Zergling x2  
  28  3:23  Zergling x2  
  28  3:24  Zergling x2  
  31  3:33  Hatchery  
  30  3:37  Drone x2  
  30  3:38  Drone x3  
  35  3:46  Overlord  
  35  4:04  Queen  
  35  4:06  Drone  
  35  4:07  Drone x5  
  43  4:26  Overlord x2  
  43  4:30  Extractor  
  43  4:31  Extractor  
  41  4:40  Pneumatized Carapace  
  41  4:45  Drone  
  41  4:46  Drone, Zergling x4  
  41  4:48  Queen, Drone x2  
  49  4:56  Drone x4  
  53  5:00  Lair  
  52  5:12  Zergling x12  
  57  5:22  Zergling x10  
  57  5:28  Drone x2  
  64  5:36  Spore Crawler  
  64  5:38  Overlord x3  
  63  5:56  Queen  
  65  6:00  Overseer  
  59  6:41  Drone x11  
  63  6:53  Drone x2  
  63  6:54  Hydralisk Den  
  63  7:04  Evolution Chamber  
  63  7:08  Evolution Chamber  
  61  7:11  Drone  
  61  7:12  Drone x7  
  69  7:16  Hatchery  
  69  7:17  Zergling x2  
  69  7:18  Zergling x2  
  69  7:22  Overseer x2  
  70  7:27  Spore Crawler  
  69  7:30  Extractor, Grooved Spines  
  69  7:31  Overlord  
  69  7:32  Hydralisk x4  
  76  7:45  Zerg Missile Weapons Level 1  
  76  7:46  Zerg Ground Armor Level 1  
  76  7:47  Hydralisk x2  
  76  7:48  Hydralisk  
  76  7:49  Hydralisk x4  
  90  7:56  Extractor  
  90  7:57  Extractor  
  88  8:08  Baneling Nest  
  87  8:20  Drone  
  87  8:21  Overlord x2  
  88  8:34  Drone  
  88  8:35  Drone x3  
  88  8:39  Hydralisk  
  88  8:40  Hydralisk x9  
  112  8:42  Muscular Augments  
  112  8:58  Overlord x2  
  112  9:17  Zergling x2  
  112  9:18  Zergling x14  
  120  9:25  Overlord x3  
  120  9:26  Overlord  
  120  9:40  Overlord  
  120  9:41  Overlord x2  
Show
View Real Time Build Order
Export as new Build Order

candybomberz Protoss - Winner!

Build Orders: Carriers 

Get SALT Encoding   

  12  0:00  Probe  
  13  0:12  Probe  
  14  0:21  Pylon  
  14  0:24  Probe  
  15  0:39  Probe  
  16  0:44  Gateway  
  16  0:51  Probe  
  16  0:52  Assimilator  
  17  1:03  Probe  
  18  1:15  Probe  
  19  1:27  Probe  
  20  1:34  Gateway  
  20  1:36  Cybernetics Core  
  20  1:37  Zealot  
  22  1:40  Pylon  
  22  1:48  Probe, Assimilator  
  23  2:04  Zealot  
  25  2:12  Warp Gate  
  25  2:22  Adept  
  27  2:23  Nexus  
  26  2:49  Adept  
  28  2:54  Probe (Chrono Boost)  
  29  3:02  Pylon  
  29  3:06  Probe (Chrono Boost)  
  30  3:18  Probe (Chrono Boost), Pylon  
  31  3:30  Probe (Chrono Boost)  
  32  3:37  Probe (Chrono Boost)  
  34  3:42  Stargate, Probe (Chrono Boost)  
  34  3:44  Stargate  
  34  3:45  Probe (Chrono Boost)  
  34  3:47  Probe (Chrono Boost)  
  36  3:50  Probe  
  37  3:55  Assimilator  
  37  3:56  Probe  
  37  3:58  Assimilator  
  38  4:08  Probe (Chrono Boost)  
  38  4:09  Probe (Chrono Boost)  
  41  4:18  Probe x2 (Chrono Boost)  
  41  4:23  Probe x2 (Chrono Boost), Void Ray  
  42  4:25  Void Ray  
  52  4:34  Probe  
  52  4:35  Probe  
  54  4:46  Probe  
  54  4:47  Probe  
  54  4:52  Nexus  
  56  4:56  Pylon  
  56  5:04  Pylon  
  56  5:23  Probe x2  
  58  5:38  Probe (Chrono Boost)  
  58  5:39  Probe (Chrono Boost)  
  60  5:46  Void Ray  
  60  5:47  Void Ray  
  62  5:50  Probe (Chrono Boost)  
  62  5:51  Fleet Beacon, Probe (Chrono Boost)  
  62  5:56  Probe (Chrono Boost)  
  70  5:57  Probe (Chrono Boost)  
  70  6:03  Adept  
  74  6:05  Adept  
  74  6:09  Probe x2  
  74  6:10  Probe  
  77  6:36  Adept  
  77  6:37  Adept  
  77  6:49  Probe (Chrono Boost)  
  77  6:50  Probe (Chrono Boost)  
  77  6:53  Probe (Chrono Boost)  
  80  7:00  Carrier x2 (Chrono Boost)  
  93  7:02  Probe (Chrono Boost)  
  93  7:03  Pylon  
  93  7:04  Pylon  
  93  7:09  Pylon  
  93  7:10  Pylon  
  93  7:20  Twilight Council  
  93  7:21  Probe x2  
  95  7:25  Probe  
  96  7:33  Probe x2  
  98  7:54  Carrier x2 (Chrono Boost)  
  110  7:59  Resonating Glaives (Chrono Boost)  
  110  8:02  Probe  
  110  8:03  Probe  
  113  8:07  Assimilator  
  113  8:12  Assimilator  
  112  8:15  Adept  
  112  8:16  Adept  
  116  8:21  Gateway  
  116  8:24  Gateway  
  108  8:27  Gateway  
  108  8:30  Gateway  
  108  8:32  Gateway  
  108  8:33  Gateway  
  108  8:34  Pylon x2  
  108  8:35  Pylon  
  108  8:45  Carrier x2 (Chrono Boost)  
  120  8:57  Adept x2  
  124  9:06  Pylon  
  124  9:07  Pylon  
  124  9:09  Pylon  
  124  9:21  Adept  
  124  9:22  Adept x4  
  134  9:33  Nexus  
  134  9:35  Pylon  
  134  9:39  Pylon  
  138  10:05  Adept x2  
  138  10:06  Adept x6  
Tags
 
Composition
Carriers
Matchup
PvZ
Opening
Pool First
Add a new tag
Caveats
  • Supply blocks, unpowered buildings, or Contaminate may cause inaccurate times.
  • Supply counts are checked every 10 seconds.